 Dungeon Crawl Stone Soup version 0.28-a0-724-g66f9036eb4 (webtiles) character file.

Game seed: 8558984385719999368

11 kae the Chopper (level 2, -4/27 HPs)
             Began as a Hill Orc Cinder Acolyte on Oct 26, 2021.
             Was a High Priest of Ignis.
             Slain by a gnoll (8 damage)
             ... on level 1 of the Dungeon.
             The game lasted 00:00:20 (351 turns).

kae the Chopper (Hill Orc Cinder Acolyte)            Turns: 351, Time: 00:00:21

Health: -4/27      AC:  2    Str: 16    XL:     2   Next: 29%
Magic:  3/3        EV: 11    Int: 14    God:    Ignis [*****.]
Gold:   7          SH:  0    Dex:  6    Spells: 3/3 levels left

rFire   + . .      SeeInvis .   a - -1 hand axe (flame)
rCold   . . .      Faith    .   (no shield)
rNeg    . . .      Spirit   .   b - +0 robe
rPois   .          Reflect  .   (no helmet)
rElec   .          Harm     .   (no cloak)
rCorr   .          Rampage  .   (no gloves)
Will    .....                   (no boots)
Stlth   +.........              (no amulet)
HPRegen 0.09/turn               (no ring)
MPRegen 0.08/turn               (no ring)

@: no status effects
A: no striking features
a: Renounce Religion, Sea of Fire, Foxfire Swarm, Rising Flame


You were on level 1 of the Dungeon.
You worshipped Ignis.
Ignis was extremely pleased with you.
You visited 1 branch of the dungeon, and saw 1 of its levels.

You collected 7 gold pieces.

Inventory:

Hand Weapons
 a - a -1 hand axe of flaming (weapon)
Armour
 b - a +0 robe (worn)


   Skills:
 + Level 3.8 Fighting
 * Level 4.4 Axes
 + Level 1.1 Spellcasting
 + Level 3.4 Fire Magic


You had 3 spell levels left.
You didn't know any spells.
Your spell library contained the following spells:

 Spells                   Type           Power      Damage    Failure   Level
 Scorch                   Fire           20%        2d6       10%         2


Dungeon Overview and Level Annotations

Branches:
Dungeon (1/15)

Altars:


Message History

You hit the endoplasm. You burn the endoplasm. The endoplasm barely misses you.
The dart slug bites you but does no damage.
The endoplasm hits you.
You hit the endoplasm. You burn the endoplasm.
You kill the endoplasm!
You hit the dart slug. You burn the dart slug. You hit the dart slug.
You burn the dart slug.
You kill the dart slug!
No target in view!
No target in view!
No target in view!
No target in view!
Okay, then.
A gnoll comes into view. It is wielding a +0 club.
The gnoll shouts!
A gnoll is nearby!
A gnoll is nearby!
A gnoll is nearby!
The gnoll misses you.
You barely miss the gnoll.
A frilled lizard comes into view.
The gnoll hits you with a +0 club.
You closely miss the gnoll.
The frilled lizard hisses angrily.
The gnoll hits you with a +0 club!
You are too injured to fight recklessly!
You are too injured to fight recklessly!
You are too injured to fight recklessly!
You are too injured to fight recklessly!
You are too injured to fight recklessly!
You are too injured to fight recklessly!
You don't know any spells.
You hit the gnoll but do no damage. The gnoll hits you with a +0 club.
You barely miss the gnoll. The gnoll barely misses you.
Fires begin to smoulder around you! The gnoll hits you with a +0 club!
* * * LOW HITPOINT WARNING * * *
The fire ignites! x31; The frilled lizard smothers the flame.
You smother the flame.
The fire ignites! x6
You closely miss the gnoll. The gnoll hits you with a +0 club!
You die...

...#.# #§§#§# .. #§§#§# ...).
#§§#§#####..
.....###§§§...l....#
.......§.§..# #.# #
...#.###l#..# #.# #.. #.
#.###g#..# #.# #
##..##.##.##§@#..# #.# ##
.......#...#§##..# #.# ##.
#.......#.§§....#####.#####..
##.####..§§§..........'......
##§#§§##.######.#####..
#§§§§§...........# ##.
#§#§§§.....#####.######
####......#..............#
#.....................####.#


You could see a gnoll and a frilled lizard.

Vanquished Creatures
  2 dart slugs (D:1)
  2 endoplasms (D:1)
  A goblin (D:1)
  A hobgoblin (D:1)
  A bat (D:1)
7 creatures vanquished.

Notes
Turn   | Place    | Note
-------+----------+-------------------------------------------
     0 | D:1      | kae the Hill Orc Cinder Acolyte began the quest for the
                  | Orb.
     0 | D:1      | Reached XP level 1. HP: 19/19 MP: 2/2
   230 | D:1      | Reached XP level 2. HP: 22/27 MP: 3/3
   351 | D:1      | Slain by a gnoll

Illustrated notes

Levels and vault maps discovered:
D:1:      evilmike_arrival_plus, layout_loops_ring, minmay_pentomino_s4

Action                   || total
-------------------------++-------
Melee: Hand axe          ||    27
Invok: Sea of Fire       ||     1
Armor: Robe              ||     5
Dodge: Dodged            ||    15

Table legend: (Time is in decaauts)
 A = Elapsed time spent in this place.
 B = Non-inter-level travel time spent in this place.
 C = Inter-level travel time spent in this place.
 D = Time resting spent in this place.
 E = Time spent auto-exploring this place.
 F = Levels seen in this place.
 G = Mean time per level.
                   A        B        C        D        E       F      G
               +--------+--------+--------+--------+--------+-----+--------+
         Total |    353 |    353 |      0 |      0 |    300 |   1 |  353.0 |
       Dungeon |    353 |    353 |      0 |      0 |    300 |   1 |  353.0 |
               +--------+--------+--------+--------+--------+-----+--------+

Top non-repeatable levels by time:
     D:1: 353 daAuts
